 Dungeon Crawl Stone Soup version 0.17.0-15-g6d90897 (webtiles) character file.

13972 4thArraOfDagon the Cleaver (level 12, -11/58 HPs)
             Began as a Vine Stalker Berserker on Nov 10, 2015.
             Was an Elder of Trog.
             Mangled by an orc warrior
             ... wielding a +1 hand axe of electrocution
              (13 damage)
             ... on level 4 of the Orcish Mines.
             The game lasted 00:19:59 (3253 turns).

4thArraOfDagon the Cleaver (Vine Stalker Berserker) Turns: 3253, Time: 00:19:59

Health: -11/58     AC: 17    Str: 25    XL:     12   Next: 11%
Magic:  0/15       EV:  8    Int:  7    God:    Trog [****..]
Gold:   1039       SH:  0    Dex: 12    Spells: 0 memorised, 11 levels left

rFire  . . .     SeeInvis .     G - +3 battleaxe (freeze)
rCold  . . .     Clarity  .     u - +0 plate armour
rNeg   . . .     SustAt   .     (shield currently unavailable)
rPois  .         Gourm    .     q - +0 helmet
rElec  .         Spirit   +     z - +1 cloak {+Inv}
rCorr  .         Warding  .     (no gloves)
rMut   .         Stasis   .     (no boots)
MR     ++...                    (no amulet)
Stlth  ..........               (no ring)
                                k - ring of loudness

@: about to teleport, very resistant to hostile enchantments, extremely
unstealthy
A: fangs 3, clumsy 1, frail 1, low mp 1, magic resistance 1, regeneration 3,
spit poison 1, magic shield, antimagic bite, no device heal 3, rot immunity
a: Spit Poison, Berserk, Trog's Hand, Brothers in Arms, Burn Spellbooks,
Renounce Religion, Evoke Invisibility


You were on level 4 of the Orcish Mines.
You worshipped Trog.
Trog was greatly pleased with you.
You were not hungry.

You visited 2 branches of the dungeon, and saw 13 of its levels.
You also visited: Ice Cave.

You collected 1039 gold pieces.

Inventory:

Hand Weapons
 a - the +8 bow of Krishna "Sharnga" {speed, Dex+3 SInv}
   (You found it in an ice cave)

   Attacks with this weapon are significantly faster.
   It affects your dexterity (+3).
   It lets you see invisible.
 D - a +0 war axe
 G - a +3 battleaxe of freezing (weapon)
Armour
 q - a +0 helmet (worn)
 u - a +0 plate armour (worn)
 z - a +1 cloak of invisibility (worn)
Jewellery
 k - a ring of loudness (left hand)
Wands
 y - a wand of fireball (6)
 B - a wand of flame (28)
 E - a wand of frost (37)
Scrolls
 n - a scroll of remove curse
 o - a scroll of teleportation
 p - a scroll of immolation
 w - 2 scrolls of enchant armour
Potions
 b - 4 potions of curing
 d - a potion of degeneration {unknown}
 h - a potion of experience {unknown}
 s - 3 potions of haste
 v - 2 potions of ambrosia {unknown}
 x - a potion of lignification {unknown}
 C - a potion of heal wounds
Books
 H - the Disquisition on the Assistive Mountains
   (You found it in an ice cave)

   Spells                             Type                      Level
   a - Shroud of Golubria             Charms/Translocation         2
   b - Stoneskin                      Transmutation/Earth          2
   c - Regeneration                   Charms/Necromancy            3
   d - Stone Arrow                    Conjuration/Earth            3
   e - Shatter                        Earth                        9
   Trog disapproves of the use of such an item.
 I - a book of Ice

   Spells                             Type                      Level
   a - Ice Form                       Ice/Transmutation            4
   b - Metabolic Englaciation         Hexes/Ice                    5
   c - Ozocubu's Refrigeration        Ice                          6
   d - Bolt of Cold                   Conjuration/Ice              6
   e - Freezing Cloud                 Conjuration/Ice/Air          6
   f - Simulacrum                     Ice/Necromancy               6
   Trog disapproves of the use of such an item.
Miscellaneous
 A - an ornate deck of summoning
 J - a lantern of shadows
Comestibles
 c - 3 bread rations
 f - 5 meat rations
 g - 8 chunks of flesh
 j - 8 fruits
 l - 2 beef jerkies
 F - a royal jelly


   Skills:
 + Level 8.6 Fighting
 * Level 12.0 Axes
 + Level 8.1 Armour
 - Level 1.5 Dodging
 + Level 5.5 Evocations


You had 11 spell levels left.
You didn't know any spells.

Dungeon Overview and Level Annotations

Branches:
Dungeon (11/15)            Temple (0/1) D:5             Orc (4/4) D:10
   Lair: D:8-11         Elf: Orc:3-4

Altars:
Nemelex Xobeh
Trog
Beogh


Innate Abilities, Weirdness & Mutations

You have razor-sharp teeth.
You regenerate.
When hurt, damage is shared between your health and your magic reserves.
Your bite disrupts and absorbs the magic of your enemies.
Potions and wands cannot restore your health.
You are immune to rotting.
You are clumsy. (Dex -2)
You are frail (-10% HP).
Your magical capacity is low (-10% MP).
You are resistant to hostile enchantments.
You can spit weak poison.


Message History

The orc is moderately wounded.
You hit the orc. You freeze the orc.
The orc is severely wounded.
You hit the orc but do no damage. You hit the orc warrior.
You freeze the orc warrior.
The orc warrior is moderately wounded.
The orc warrior hits you with a trident!
The orc warrior hits you with a scimitar!!
* * * LOW HITPOINT WARNING * * *
The orc hits you but does no damage.
The orc knight roars a battlecry!
The orc warrior goes into a battle-frenzy!
The orc hits you but does no damage. The orc wizard casts a spell at you.
The magic dart hits you!
* * * LOW HITPOINT WARNING * * *
The orc hits you but does no damage.
The orc priest calls upon Beogh to heal the orc warrior.
The orc warrior hits you with a hand axe of electrocution!
You die...

o..# . ..o# ..
######.o.## #..
#....o.....
#...#..........
.......oo{.....
8.....ooo{o....
......o@ooooo.o
8.....oooooo.o.
.......ooo.....
8.#.#.....4....
... #....oo....
.. ######...##
. o..# .o.#


You could see an orc warlord, 2 orc knights, 2 orc high priests, a rust devil,
an orc sorcerer (frenzied), 8 orc warriors, 5 orc priests, 6 orc wizards and 6
orcs.

Vanquished Creatures
  A frost giant (IceCv)
  An orc sorcerer (Orc:3)
  Maurice (D:10)
  An ice statue (IceCv)
  A two-headed ogre (D:8)
  A troll (D:11)
  13 polar bears (IceCv)
  Sigmund (D:4)
  18 yaks (IceCv)
  A hippogriff (D:10)
  6 wargs (Orc:3)
  16 wolves
  6 orc warriors
  8 ice beasts (Orc:2)
  2 sky beasts
  A necrophage (D:8)
  2 ogres (D:4)
  2 phantoms
  A centaur (D:11)
  2 giant frogs
  A giant frog zombie (D:8)
  20 orc wizards
  17 orc priests
  A hound (D:8)
  4 worker ants
  2 giant frog skeletons
  Robin (D:4)
  2 adders
  An ooze (D:2)
  A giant gecko (D:1)
  89 orcs
  2 ball pythons
  A bat (D:1)
  9 goblins
  6 hobgoblins
  2 giant cockroaches
  2 kobolds
  2 rats
248 creatures vanquished.

Vanquished Creatures (others)
  2 polar bears (IceCv)
  3 yaks (IceCv)
  4 wolves (IceCv)
9 creatures vanquished.

Grand Total: 257 creatures vanquished

Notes
Turn   | Place    | Note
--------------------------------------------------------------
     0 | D:1      | 4thArraOfDagon the Vine Stalker Berserker began the quest for the Orb.
     0 | D:1      | Reached XP level 1. HP: 11/11 MP: 2/2
    12 | D:1      | Reached skill level 3 in Axes
    48 | D:1      | You fall through a shaft!
    50 | D:2      | Reached XP level 2. HP: 16/16 MP: 3/3
    81 | D:2      | Reached XP level 3. HP: 16/19 MP: 4/4
   167 | D:4      | Noticed an ogre
   173 | D:4      | Killed an ogre
   173 | D:4      | Reached skill level 4 in Axes
   173 | D:4      | Reached XP level 4. HP: 24/24 MP: 5/5
   325 | D:3      | Reached XP level 5. HP: 28/28 MP: 6/6
   367 | D:4      | Noticed Robin
   374 | D:4      | Reached ** piety under Trog
   383 | D:4      | Killed Robin
   445 | D:4      | Noticed an ogre
   462 | D:4      | Gained mutation: You heal very quickly. [Vine Stalker growth]
   462 | D:4      | Reached XP level 6. HP: 14/32 MP: 7/7
   464 | D:4      | Killed an ogre
   464 | D:4      | Reached skill level 5 in Axes
   470 | D:4      | Found a sparkling altar of Nemelex Xobeh.
   497 | D:4      | Noticed Sigmund
   514 | D:4      | Killed Sigmund
   514 | D:4      | Reached XP level 7. HP: 31/37 MP: 8/8
   604 | D:5      | Entered Level 5 of the Dungeon
   610 | D:5      | Found a staircase to the Ecumenical Temple.
   616 | D:5      | You fall through a shaft for 3 floors!
   622 | D:8      | Noticed a two-headed ogre
   628 | D:8      | Killed a two-headed ogre
   628 | D:8      | Reached skill level 6 in Axes
   628 | D:8      | Gained mutation: You have razor-sharp teeth. [Vine Stalker growth]
   628 | D:8      | Reached XP level 8. HP: 25/42 MP: 5/9
   761 | D:8      | Reached *** piety under Trog
   866 | D:8      | Reached skill level 5 in Fighting
   866 | D:8      | Reached skill level 7 in Axes
   882 | D:8      | Gained mutation: You regenerate. [mutagenic meat]
   883 | D:8      | Gained mutation: You can spit weak poison. [mutagenic meat]
   884 | D:8      | Gained mutation: You are clumsy. (Dex -2) [mutagenic meat]
   885 | D:8      | Gained mutation: You are very clumsy. (Dex -4) [mutagenic meat]
   886 | D:8      | Lost mutation: You are very clumsy. (Dex -4) [mutagenic meat]
   887 | D:8      | Gained mutation: Your magical capacity is low (-10% MP). [mutagenic meat]
   988 | D:10     | Entered Level 10 of the Dungeon
  1027 | D:10     | Reached XP level 9. HP: 44/47 MP: 9/9
  1047 | D:11     | Noticed a cyan ugly thing
  1071 | D:11     | Reached skill level 8 in Axes
  1071 | D:11     | Reached skill level 5 in Armour
  1188 | D:10     | Noticed Maurice
  1203 | D:10     | Killed Maurice
  1234 | D:10     | Reached skill level 9 in Axes
  1251 | D:10     | Found a roughly hewn altar of Beogh.
  1280 | D:10     | Reached **** piety under Trog
  1310 | D:10     | Found a staircase to the Orcish Mines.
  1334 | D:10     | Gained mutation: You are resistant to hostile enchantments. [mutagenic meat]
  1335 | D:10     | Gained mutation: You are frail (-10% HP). [mutagenic meat]
  1393 | Orc:1    | Entered Level 1 of the Orcish Mines
  1454 | Orc:1    | Found a bloodstained altar of Trog.
  1502 | Orc:1    | Reached ***** piety under Trog
  1546 | Orc:1    | Found Syshruosegg's Antique Armour Boutique.
  1566 | Orc:1    | Reached XP level 10. HP: 12/47 MP: 3/10
  1742 | Orc:2    | Reached skill level 1 in Evocations
  1772 | Orc:2    | Noticed an orc knight
  1922 | Orc:2    | Found a frozen archway.
  1985 | IceCv    | Entered an ice cave
  1990 | IceCv    | Reached skill level 10 in Axes
  2080 | IceCv    | Received a gift from Trog
  2191 | IceCv    | Noticed an ice statue
  2204 | IceCv    | Killed an ice statue
  2271 | IceCv    | Reached XP level 11. HP: 47/52 MP: 10/13
  2578 | IceCv    | Reached skill level 11 in Axes
  2839 | IceCv    | Noticed a frost giant
  2874 | IceCv    | Killed a frost giant
  2883 | IceCv    | Reached skill level 5 in Evocations
  2972 | IceCv    | Identified the Disquisition on the Assistive Mountains
  3057 | Orc:3    | Noticed a soul eater
  3060 | Orc:3    | Mutation became permanent: You regenerate. [Vine Stalker growth]
  3060 | Orc:3    | Reached XP level 12. HP: 42/58 MP: 11/15
  3182 | Orc:3    | Reached skill level 12 in Axes
  3238 | Orc:4    | Entered Level 4 of the Orcish Mines
  3250 | Orc:4    | Noticed an orc high priest
  3251 | Orc:4    | Noticed an orc high priest
  3252 | Orc:4    | Noticed an orc warlord
  3253 | Orc:4    | HP: 2/58 [orc wizard/magic dart (2)]
  3253 | Orc:4    | Mangled by an orc warrior

Action                   |  1- 3 |  4- 6 |  7- 9 | 10-12 || total
-------------------------+-------+-------+-------+-------++-------
Melee: Hand axe          |    28 |    59 |   271 |    25 ||   383
       War axe           |       |       |       |   211 ||   211
       Battleaxe         |       |       |       |    61 ||    61
Invok: Berserk           |     2 |     4 |     9 |    16 ||    31
       Trog's Hand       |       |       |       |     9 ||     9
       Brothers in Arms  |       |       |       |     4 ||     4
  Use: Scroll            |       |       |       |    11 ||    11
 Stab: Sleeping          |     1 |       |       |       ||     1
  Eat: Chunk             |       |     4 |    24 |    25 ||    53
